 Dungeon Crawl Stone Soup version 0.22.0-38-g04b72b8c25 (webtiles) character file.

9 Esekla the Conjurer (level 2, 0/14 HPs)
             Began as a Vine Stalker Conjurer on Aug 26, 2018.
             Was an Initiate of Vehumet.
             Succumbed to an adder's poison
             ... on level 2 of the Dungeon.
             The game lasted 00:03:54 (229 turns).

Esekla the Conjurer (Vine Stalker Conjurer)          Turns: 229, Time: 00:03:55

Health: 0/14       AC:  2    Str: 10    XL:     2   Next: 16%
Magic:  1/6        EV: 12    Int: 15    God:    Vehumet [......]
Gold:   20         SH:  0    Dex: 14    Spells: 4/5 levels left

rFire    . . .     SeeInvis .   d - +0 club
rCold    . . .     Gourm    .   (no shield)
rNeg     . . .     Faith    .   a - +0 robe
rPois    .         Spirit   +   (no helmet)
rElec    .         Reflect  .   (no cloak)
rCorr    .         Harm     .   (no gloves)
MR       .....                  (no boots)
Stlth    ++........             (no amulet)
HPRegen  0.04/turn              (no ring)
MPRegen  0.10/turn              (no ring)

@: lethally poisoned (0 -> -10)
A: fangs 2, magic shield, antimagic bite, no potion heal 3, rot immunity
a: Renounce Religion


You were on level 2 of the Dungeon.
You worshipped Vehumet.
Vehumet was noncommittal.
You were not hungry.

You visited 1 branch of the dungeon, and saw 2 of its levels.

You collected 20 gold pieces.

Inventory:

Hand Weapons
 d - a +0 club (weapon)
Armour
 a - a +0 robe (worn)
 e - a +0 pair of boots
Comestibles
 c - 2 rations


   Skills:
 + Level 1.4 Fighting
 - Level 1.5 Dodging
 - Level 2.5 Stealth
 - Level 2.1 Spellcasting
 - Level 4.0 Conjurations


You had 4 spell levels left.
You knew the following spells:

 Your Spells              Type           Power        Failure   Level  Hunger
a - Magic Dart            Conj           ##..         4%          1    #......

Your spell library contained the following spells:

 Spells                   Type           Power        Failure   Level  Hunger
 Searing Ray              Conj           ##....       6%          2    ###....
 Dazzling Spray           Conj/Hex       #.....       28%         3    ###....
 Iskenderun's Mystic Bla  Conj           ##......     38%         4    #####..
 Force Lance              Conj/Tloc      #.......     67%         4    #####..
 Fulminant Prism          Conj/Hex       #.........   67%         4    #####..


Dungeon Overview and Level Annotations

Branches:
Dungeon (2/15)

Altars:
Fedhas
Gozag
Makhleb
Vehumet
Yredelemnul


Innate Abilities, Weirdness & Mutations

You have extremely sharp teeth.
When hurt, damage is shared between your health and your magic reserves.
Your bite disrupts and absorbs the magic of your enemies.
Potions cannot restore your health.
You are immune to rotting.


Message History

The adder closely misses you. The adder barely misses you.
You barely miss the adder.
The adder is severely wounded.
The adder bites you. x2
* * * LOW HITPOINT WARNING * * *
You are lethally poisoned!
The adder poisons you!
You barely miss the adder.
The adder is severely wounded.
* * * LOW HITPOINT WARNING * * *
You feel sick. The adder completely misses you.
The goblin hits you but does no damage.
It was a potion of heal wounds.
That seemed strangely inert.
The adder misses you. The adder bites you.
* * * LOW HITPOINT WARNING * * *
You are more poisoned.
The adder poisons you!
You hit the adder. Your bite misses the adder.
The adder is almost dead.
You die...

# #####.#####
#......$.S##
##..#######..###
_.. #_._###.._#
#..##...##..###
#..g......##
####.gS####
##@## ###


You could see an adder, a hobgoblin and a goblin.

Vanquished Creatures
  A leopard gecko (D:1)
  A bat (D:1)
  A goblin (D:2)
  A hobgoblin (D:1)
  2 frilled lizards (D:1)
  2 kobolds
8 creatures vanquished.

Notes
Turn   | Place    | Note
-------+----------+-------------------------------------------
     0 | D:1      | Esekla the Vine Stalker Conjurer began the quest for the Orb.
     0 | D:1      | Reached XP level 1. HP: 9/9 MP: 4/4
   181 | D:1      | Reached skill level 1 in Fighting
   194 | D:1      | Reached XP level 2. HP: 12/14 MP: 3/6
   212 | D:2      | Found a blossoming altar of Fedhas.
   215 | D:2      | Found a radiant altar of Vehumet.
   217 | D:2      | Found a burning altar of Makhleb.
   218 | D:2      | Found a basalt altar of Yredelemnul.
   220 | D:2      | Found an opulent altar of Gozag.
   221 | D:2      | Became a worshipper of Vehumet
   229 | D:2      | Succumbed to an adder's poison

Skill      XL: |  1 |
---------------+----+-----
Fighting       | 1 |  1.4
Dodging        | |  1.5
Stealth        | |  2.5
Spellcasting   | |  2.1
Conjurations   | |  4.0

Action                   || total
-------------------------++-------
Melee: Unarmed           ||     5
       Club              ||     7
       Bite              ||     1
 Cast: Magic Dart        ||    17
  Use: Potion            ||     1
 Stab: Sleeping          ||     1
Armor: Robe              ||     4
Dodge: Dodged            ||    17
